 Dungeon Crawl Stone Soup version 0.24-a0-459-g225fefd530 (webtiles) character file.

Game seed: 10374908550411061030

95 forest the Sneak (level 4, 0/23 HPs)
             Began as a Spriggan Assassin on June 30, 2019.
             Slain by a river rat (6 damage)
             ... in a sewer.
             The game lasted 00:07:33 (3733 turns).

forest the Sneak (Spriggan Assassin)                Turns: 3733, Time: 00:07:33

Health: 0/23       AC:  3    Str:  8    XL:     4   Next: 39%
Magic:  5/5        EV: 18    Int: 12    God:
Gold:   152        SH:  0    Dex: 17    Spells: 3/3 levels left

rFire    . . .     SeeInvis +   a - +2 dagger
rCold    . . .     Gourm    .   (shield restricted)
rNeg     . . .     Faith    .   b - +0 robe
rPois    +         Spirit   .   (helmet restricted)
rElec    .         Reflect  .   c - +0 cloak
rCorr    .         Harm     .   (gloves unavailable)
MR       .....                  (boots unavailable)
Stlth    ++++......             (no amulet)
HPRegen  0.07/turn              g - ring of poison resistance
MPRegen  0.09/turn              i - ring of wizardry

@: mesmerised, very quick
A: very small, unfitting armour, see invisible, herbivore, speed 3, slow
metabolism 2
a: no special abilities


You were in a sewer.
You were not hungry.

You visited 1 branch of the dungeon, and saw 3 of its levels.
You also visited: Sewer.

You collected 152 gold pieces.

Inventory:

Hand Weapons
 a - a +2 dagger (weapon)
Missiles
 d - a poisoned dart (quivered)
 e - 7 curare-tipped darts
 j - 51 stones
Armour
 b - a +0 robe (worn)
 c - a +0 cloak (worn)
Jewellery
 g - a ring of poison resistance (left hand)
 i - a ring of wizardry (right hand)
Scrolls
 h - a scroll of blinking {unknown}
 k - 2 scrolls of remove curse {unknown}
 o - 2 scrolls of magic mapping {unknown}
Potions
 l - a potion of heal wounds {unknown}
 m - a potion of experience {unknown}
 n - a potion of curing
 p - a potion of haste {unknown}
 q - a potion of lignification {unknown}
Comestibles
 f - 4 rations


   Skills:
 + Level 1.8 Fighting
 + Level 2.9 Short Blades
 + Level 2.2 Throwing
 + Level 3.1 Dodging
 + Level 7.4 Stealth


You had 3 spell levels left.
You didn't know any spells.
Your spell library was empty.

Dungeon Overview and Level Annotations

Branches:
Dungeon (3/15)

Altars:
Sif Muna
Zin

Shops:
D:2 *


Innate Abilities, Weirdness & Mutations

You are very small and have problems with some larger weapons.
You are too small for most types of armour.
You have supernaturally acute eyesight. (SInv)
You are a herbivore.
You cover ground extremely quickly.
You need to consume almost no food.


Message History

You throw a poisoned dart.
The poisoned dart closely misses the sickly merfolk siren.
You hear a splash.
The river rat bites you!
The sickly merfolk siren chants its luring song.
The rat bites you but does no damage.
You cannot move away from the sickly merfolk siren!
The river rat bites you.
* * * LOW HITPOINT WARNING * * *
The sickly merfolk siren chants its luring song.
Things that are here:
a poisoned dart; a rat corpse You hit the sickly merfolk siren.
The sickly merfolk siren is heavily wounded.
The rat closely misses you. The river rat misses you.
You hit the sickly merfolk siren.
The sickly merfolk siren is almost dead.
The sickly merfolk siren chants its luring song.
The rat misses you. The river rat bites you.
You die...

###≈≈≈.# #∩∩≈≈≈≈.
######## ##
##########≈≈≈≈≈
#$$
#≈≈≈≈≈≈≈≈≈≈≈≈≈†
..
###≈≈≈###########
####≈###≈≈≈#.#
#≈≈≈≈≈≈rr≈##.#
#(≈≈≈≈m@.....#
#≈≈≈...#######
≈≈≈...# ≈...##
###


You could see a sickly merfolk siren, a river rat and a rat.

Vanquished Creatures
  4 adders (D:2)
  2 worms (D:2)
  A leopard gecko (Sewer)
  5 bats
  3 giant cockroaches
  3 goblins
  4 hobgoblins
  7 jackals
  3 kobolds
  4 ball pythons
  4 frilled lizards
  16 rats
56 creatures vanquished.

Notes
Turn   | Place    | Note
-------+----------+-------------------------------------------
     0 | D:1      | forest the Spriggan Assassin began the quest for the Orb.
     0 | D:1      | Reached XP level 1. HP: 10/10 MP: 2/2
    55 | D:1      | Reached skill level 6 in Stealth
   266 | D:1      | You fall into a shaft and drop 1 floor!
   267 | D:2      | Found a glowing silver altar of Zin.
   270 | D:2      | Found Zin's Purification Station.
   307 | D:1      | Reached XP level 2. HP: 8/14 MP: 3/3
  1282 | D:1      | Reached skill level 7 in Stealth
  1721 | D:2      | Reached XP level 3. HP: 18/18 MP: 4/4
  2838 | D:2      | Reached XP level 4. HP: 23/23 MP: 5/5
  2842 | D:2      | Found a deep blue altar of Sif Muna.
  2877 | D:3      | Found a glowing drain.
  3581 | Sewer    | Entered a sewer
  3733 | Sewer    | Slain by a river rat

Levels and vault maps discovered:
D:1:      elethiomel_arrival_maze, layout_basic, minmay_cupped
D:2:      layout_basic, zin_purify, marbit_many_paths
D:3:      layout_basic, first_ration, portal_sewer_entry_b
Sewer:    sewer_sea

Skill      XL: |  1  2  3  4 |
---------------+-------------+-----
Stealth        | 6 7 |  7.4
Dodging        | 2 3 |  3.1
Fighting       | |  1.8
Short Blades   | |  2.9
Throwing       | |  2.2

Action                   |  1- 3 |  4- 6 || total
-------------------------+-------+-------++-------
Melee: Dagger            |   143 |    56 ||   199
Throw: Dart              |     6 |    13 ||    19
  Use: Potion            |       |     1 ||     1
 Stab: Sleeping          |     6 |     7 ||    13
       Distracted        |     1 |       ||     1
  Eat: Ration            |       |     1 ||     1
Armor: Robe              |    33 |    10 ||    43
Dodge: Dodged            |   174 |    88 ||   262

Table legend:
 A = Non-vault XP
 B = Vault XP
 C = Vault XP percentage of total XP
 D = Non-vault monster count
 E = Vault monster count
 F = Vault count percentage of total count
                 A         B        C        D         E       F
            +---------+---------+-------+---------+---------+-------
      Total |      83 |      53 |  39.0 |      33 |      23 |  41.1
            +---------+---------+-------+---------+---------+-------
        D:1 |      24 |       5 |  17.2 |      16 |       3 |  15.8
        D:2 |      59 |      28 |  32.2 |      17 |       3 |  15.0
        D:3 |       0 |       2 | 100.0 |       0 |       2 | 100.0
      Sewer |       0 |      18 | 100.0 |       0 |      15 | 100.0
            +---------+---------+-------+---------+---------+-------
